 Dungeon Crawl Stone Soup version 0.30-a0-760-g5a9884bb7c (webtiles) character file.

Game seed: 5243031832165820525

17 Majang the Digger (level 2, -3/15 HPs)
             Began as a Gargoyle Earth Elementalist on Feb 11, 2023.
             Slain by a gnoll
             ... wielding a +0 flail
              (9 damage)
             ... on level 1 of the Dungeon.
             The game lasted 00:01:53 (505 turns).

Majang the Digger (Gargoyle Earth Elementalist)      Turns: 505, Time: 00:01:53

Health: -3/15      AC:  4    Str: 11    XL:     2   Next: 62%
Magic:  1/5        EV: 11    Int: 15    God:
Gold:   42         SH:  0    Dex: 10    Spells: 5/6 levels left

rFire   . . .      SeeInvis .    c - +0 dagger
rCold   . . .      Faith    .    (no shield)
rNeg    + . .      Spirit   .    a - +0 robe
rPois   ∞          Reflect  .    (no helmet)
rElec   +          Harm     .    (no cloak)
rCorr   .          Rampage  .    (no gloves)
Will    .....                    (no boots)
Stlth   ++                       (no amulet)
HPRegen 0.22/turn                (no ring)
MPRegen 0.09/turn                (no ring)

@: no status effects
A: sickness immunity, AC +2, negative energy resistance 1, electricity
resistance, torment resistance 1, petrification resistance
a: no special abilities


You were on level 1 of the Dungeon.
You visited 1 branch of the dungeon, and saw 1 of its levels.

You collected 42 gold pieces.

Inventory:

Hand Weapons
 c - a +0 dagger (weapon)
Armour
 a - a +0 robe (worn)
Scrolls
 d - a scroll of poison {unknown}
 g - a scroll of identify {unknown}
 h - a scroll of noise {unknown}
 i - a scroll of enchant armour {unknown}
Potions
 b - a potion of magic
 e - a potion of mutation {unknown}
 f - a potion of heal wounds {unknown}


   Skills:
 - Level 1.5 Dodging
 - Level 2.1 Stealth
 * Level 2.7 Spellcasting
 - Level 0.7 Transmutations
 + Level 4.0 Earth Magic


You had 5 spell levels left.
You knew the following spells:

 Your Spells              Type           Power      Damage    Failure   Level
a - Sandblast             Erth           28%        2d8       4%          1

Your spell library contained the following spells:

 Spells                   Type           Power      Damage    Failure   Level
 Passwall                 Tmut/Erth      7%         N/A       12%         2
 Stone Arrow              Conj/Erth      16%        3d8       26%         3
 Petrify                  Tmut/Erth      9%         N/A       61%         4


Dungeon Overview and Level Annotations

Branches:
Dungeon (1/15)

Altars:


Innate Abilities, Weirdness & Mutations

You are immune to sickness and miasma.
Your stone body is resilient. (AC +2)
You are immune to poison.
You resist negative energy. (rN+)
You are resistant to electric shocks. (rElec)
You are resistant to unholy torment.
You are immune to petrification.


Message History

You kill the quokka!
You now have 29 gold pieces (gained 13).
You now have 36 gold pieces (gained 7).
You see here a quokka corpse.
You see here a quokka corpse.
A ball python comes into view.
The blast of sand hits the ball python!
You kill the ball python!
i - a scroll labelled TOUDIU XOUBRI A goblin comes into view.
It is wielding a +0 dagger.
A ball python comes into view.
The blast of sand hits the goblin!
You kill the goblin!
Your Earth Magic skill increases to level 4!
The blast of sand hits the ball python!
You kill the ball python!
Found a stone staircase leading down.
You now have 42 gold pieces (gained 6).
A gnoll and a rat come into view.
Found a bubbling yellow potion.
The blast of sand hits the rat!
You kill the rat!
An endoplasm comes into view.
Found 3 gold pieces.
The gnoll shouts!
Found 17 gold pieces.
The blast of sand misses the gnoll.
The endoplasm quivers.
A hobgoblin comes into view.
The blast of sand hits the gnoll.
The gnoll is heavily wounded.
The hobgoblin shouts!
The gnoll hits you but does no damage.
The blast of sand hits the gnoll.
The gnoll is heavily wounded.
The gnoll hits you with a +0 flail!
Ouch! That really hurt!
The gnoll hits you with a +0 flail!
Ouch! That really hurt!
You die...

..#. .# ..#.## .#
....# .# #..# .#
#..###.# ##
#########......# ..
.............>##.#$#
##
#..........@gg....$
#.........##†.!####
#.....)...# .#J....
## #.........# ..
....
.#####.........# .##
### ..##..........##
.# ..............#
.# ...#..........#
.# ...#..........#


You could see a gnoll, an endoplasm and a hobgoblin.

Vanquished Creatures
  A giant cockroach (D:1)
  3 goblins (D:1)
  4 hobgoblins (D:1)
  A quokka (D:1)
  3 ball pythons (D:1)
  A frilled lizard (D:1)
  2 rats (D:1)
15 creatures vanquished.

Notes
Turn   | Place    | Note
-------+----------+-------------------------------------------
     0 | D:1      | Majang the Gargoyle Earth Elementalist began the quest for
                  | the Orb.
     0 | D:1      | Reached XP level 1. HP: 10/10 MP: 3/3
   226 | D:1      | Reached XP level 2. HP: 15/15 MP: 3/5
   334 | D:1      | Found a faded altar of an unknown god.
   474 | D:1      | Reached skill level 4 in Earth Magic
   505 | D:1      | Slain by a gnoll

Illustrated notes

Levels and vault maps discovered:
D:1:      erik_arrival_cave_to_civilisation [erik_arrival_cave_to_hall],
          layout_basic, ebering_ecumenical_altar_sacrificial, minivault_24,
          minmay_tetromino_i4

Skill      XL: |  1  2 |
---------------+-------+-----
Earth Magic    | 4 |  4.0
Dodging        | |  1.5
Stealth        | |  2.1
Spellcasting   | |  2.7
Transmutations | |  0.7

Action                     || total
---------------------------++-------
   Cast: Sandblast         ||    19
 Armour: Robe              ||     1
  Dodge: Dodged            ||     1

Table legend: (Time is in decaauts)
 A = Elapsed time spent in this place.
 B = Non-inter-level travel time spent in this place.
 C = Inter-level travel time spent in this place.
 D = Time resting spent in this place.
 E = Time spent auto-exploring this place.
 F = Levels seen in this place.
 G = Mean time per level.
                   A        B        C        D        E       F      G
               +--------+--------+--------+--------+--------+-----+--------+
         Total |    513 |    513 |      0 |     84 |    299 |   1 |  513.0 |
       Dungeon |    513 |    513 |      0 |     84 |    299 |   1 |  513.0 |
               +--------+--------+--------+--------+--------+-----+--------+

Top non-repeatable levels by time:
     D:1: 513 daAuts
